 Dungeon Crawl Stone Soup version 0.16.1-14-g82efdee (webtiles) character file.

18 karlm the Sneak (level 2, 0/22 HPs)
             Began as a Naga Wizard on Apr 11, 2015.
             Slain by a quokka (2 damage)
             ... on level 2 of the Dungeon.
             The game lasted 00:02:24 (886 turns).

karlm the Sneak (Naga Wizard)                        Turns: 886, Time: 00:02:24

Health: 0/22       AC:  1    Str:  9    XL:     2   Next: 70%
Magic:  0/6        EV:  9    Int: 18    God:
Gold:   91         SH:  0    Dex:  9    Spells: 2 memorised, 4 levels left

rFire  . . .     SeeInvis +     e - +0 club
rCold  . . .     Clarity  .     a - +0 robe
rNeg   . . .     SustAb   .     (no shield)
rPois  +         Gourm    .     b - +0 hat
rElec  .         Spirit   .     (no cloak)
rCorr  .         Warding  .     (no gloves)
rMut   .         Stasis   .     (no barding)
MR     .....                    (no amulet)
Stlth  ++........               (no ring)
                                (no ring)

@: short of breath, very slow, not resistant to hostile enchantments, unstealthy
A: spit poison, see invisible, deformed body, poison resistance, slowness 2
a: Spit Poison


You were on level 2 of the Dungeon.
You were hungry.

You visited 1 branch of the dungeon, and saw 2 of its levels.

You collected 91 gold pieces.

Inventory:

Hand weapons
 e - a +0 club (weapon)
Missiles
 k - 15 stones (quivered)
Armour
 a - a +0 robe (worn)
 b - a +0 hat (worn)
Scrolls
 f - a scroll of noise {unknown}
 g - a scroll of enchant armour {unknown}
 h - a scroll of identify {unknown}
 i - a scroll of amnesia {unknown}
 m - a scroll of blinking {unknown}
Books
 c - a book of Minor Magic

   Spells                             Type                      Level
   a - Magic Dart                     Conjuration                  1
   b - Blink                          Translocation                2
   c - Call Imp                       Summoning                    2
   d - Repel Missiles                 Charms/Air                   2
   e - Slow                           Hexes                        2
   f - Conjure Flame                  Conjuration/Fire             3
   g - Mephitic Cloud                 Conjuration/Poison/Air       3
Comestibles
 d - 3 bread rations
 l - 2 meat rations


   Skills:
 - Level 1.5 Dodging
 - Level 3.0 Stealth
 - Level 3.0 Spellcasting
 - Level 2.0 Conjurations
 + Level 1.8 Summonings
   Level 1.0 Translocations


You had 4 spell levels left.
You knew the following spells:

 Your Spells              Type           Power        Failure   Level  Hunger
a - Magic Dart            Conj           ##..         10%         1    None
b - Call Imp              Summ           #.......     12%         2    ##.....


Dungeon Overview and Level Annotations

Branches:
Dungeon (2/15)

Altars:


Innate Abilities, Weirdness & Mutations

You cannot wear boots.
You can spit poison.
You have supernaturally acute eyesight.
Armour fits poorly on your strangely shaped body.
Your system is resistant to poisons.
You cover ground very slowly.


Message History

Confirm with . or Enter, or press ? or * to list all spells.
Aiming: Magic Dart
Press: ? - help, Shift-Dir - straight line, f/p - quokka
Aim: a quokka The magic dart hits the quokka.
The quokka is moderately wounded.
The quokka bites you.
* * * LOW HITPOINT WARNING * * *
Casting: Magic Dart
Confirm with . or Enter, or press ? or * to list all spells.
You don't have enough magic to cast that spell.
Unknown command.
You hit the quokka.
The quokka is severely wounded.
The quokka closely misses you. The quokka barely misses you.
You hit the quokka.
The quokka is almost dead.
The quokka twitches its whiskers.
The quokka bites you.
You die...

. ....### .
.......# #
#.......# #
#.......# .
+.......# #
#.......# #
#.......# ####
#.(..r@.# ...#####
#####'### .......##
#.##
....#...#######..#
###.#...##>...5..#
..#....'.......##
.......###........#
.......# #......#.#
.##.##.#
#......#...


You could see a quokka and a friendly crimson imp.

Vanquished Creatures
  2 giant cockroaches (D:1)
  3 hobgoblins (D:1)
  2 rats (D:1)
7 creatures vanquished.

Vanquished Creatures (collateral kills)
  An adder (D:2)
  A giant gecko (D:1)
  A goblin (D:1)
  2 kobolds (D:1)
  A bat (D:2)
  A giant newt (D:1)
7 creatures vanquished.

Grand Total: 14 creatures vanquished

Notes
Turn   | Place    | Note
--------------------------------------------------------------
     0 | D:1      | karlm, the Naga Wizard, began the quest for the Orb.
     0 | D:1      | Reached XP level 1. HP: 15/15 MP: 4/4
   374 | D:1      | Reached XP level 2. HP: 11/22 MP: 0/6
   415 | D:1      | Learned a level 2 spell: Call Imp
   886 | D:2      | Slain by a quokka

Action                   || total
-------------------------++-------
Melee: Club              ||     9
       Unarmed           ||     1
 Cast: Magic Dart        ||     7
       Call Imp          ||    11
 Abil: Spit Poison       ||     8
